 Dungeon Crawl Stone Soup version 0.29.1-1-gd02db6906a (webtiles) character file.

Game seed: 1930396244590915794

210 fireball365 the Covered (level 5, -2/46 HPs)
             Began as a Minotaur Fighter on Oct 10, 2022.
             Was a Follower of Makhleb.
             Slain by a yak (5 damage)
             ... on level 6 of the Dungeon.
             The game lasted 00:09:01 (2432 turns).

fireball365 the Covered (Minotaur Fighter)          Turns: 2432, Time: 00:09:02

Health: -2/46      AC: 10    Str: 21    XL:     5   Next: 57%
Magic:  4/4        EV:  9    Int:  5    God:    Makhleb [*.....]
Gold:   132        SH:  5    Dex: 11    Spells: 4/4 levels left

rFire   . . .      SeeInvis .   a - +0 war axe
rCold   . . .      Faith    .   c - +0 buckler
rNeg    . . .      Spirit   .   b - +0 scale mail
rPois   .          Reflect  .   (helmet restricted)
rElec   .          Harm     .   (no cloak)
rCorr   .          Rampage  .   (no gloves)
Will    .....                   h - +2 pair of boots
Stlth   ..........              n - amulet of regeneration
HPRegen 0.95/turn               (no ring)
MPRegen 0.09/turn               (no ring)

@: mighty
A: horns 2, retaliatory headbutt
a: Renounce Religion


You were on level 6 of the Dungeon.
You worshipped Makhleb.
Makhleb was aware of your devotion.
You visited 1 branch of the dungeon, and saw 5 of its levels.

You collected 132 gold pieces.

Inventory:

Hand Weapons
 a - a +0 war axe (weapon)
Missiles
 o - 2 poisoned darts (quivered)
 x - 7 stones
Armour
 b - a +0 scale mail (worn)
 c - a +0 buckler (worn)
 h - a +2 pair of boots (worn)
Magical Staves
 r - a staff of death
Jewellery
 n - an amulet of regeneration (around neck)
 v - a +4 ring of slaying
Wands
 q - a wand of light (7)
Scrolls
 f - 2 scrolls of identify {unknown}
 g - a scroll of fear {unknown}
 i - a scroll of immolation {unknown}
 l - 2 scrolls of brand weapon {unknown}
 p - a scroll of enchant armour {unknown}
 s - a scroll of magic mapping {unknown}
 t - a scroll of teleportation {unknown}
 u - a scroll of acquirement {unknown}
Potions
 e - 4 potions of curing {unknown}
 j - a potion of heal wounds {unknown}
 k - a potion of flight {unknown}
 m - 3 potions of haste {unknown}
 w - a potion of ambrosia {unknown}
 z - a potion of lignification {unknown}


   Skills:
 - Level 4.2 Fighting
 + Level 4.6 Axes
 + Level 4.9 Armour
 + Level 1.4 Dodging
 + Level 0.3 Stealth
 + Level 4.6 Shields


You had 4 spell levels left.
You didn't know any spells.
Your spell library was empty.

Dungeon Overview and Level Annotations

Branches:
Dungeon (6/15)
 Temple: D:4-7

Altars:
Makhleb

Shops:
D:5 [   D:6 [


Innate Abilities, Weirdness & Mutations

You have a pair of horns on your head.
You reflexively headbutt those who attack you in melee.


Message History

An ogre comes into view. It is wielding a +0 giant club.
The hound bites you. The hound closely misses you.
The hound attacks as you move away! The hound misses you.
The yak barely misses you. You block the yak's attack.
The yak attacks as you move away! The yak gores you but does no damage.
You block the hound's attack. The hound bites you.
The hound attacks as you move away! The hound bites you but does no damage.
The yak barely misses you. You furiously retaliate!
You headbutt the yak. The yak gores you.
Found Ohuc's Antique Armour Emporium.
The hound misses you. The yak attacks as you move away!
You block the yak's attack. The hound barely misses you.
You furiously retaliate!
You headbutt the hound, but do no damage.
A white imp comes into view.
The white imp shouts!
The hound bites you but does no damage. The yak gores you!
The white imp moves out of view.
An iguana comes into view.
The iguana hisses angrily.
The hound bites you. The yak gores you!
The iguana moves out of view.
You block the hound's attack. The yak gores you!
The yak attacks as you move away! The yak barely misses you.
You furiously retaliate!
You headbutt the yak! The hound attacks as you move away!
The hound bites you but does no damage. The yak gores you but does no damage.
The yak attacks as you move away! The yak gores you but does no damage.
The hound bites you. The hound barely misses you. The yak barely misses you.
There is a stone staircase leading down here.
The hound bites you but does no damage. The yak gores you.
* * * LOW HITPOINT WARNING * * *
The yak gores you!
* * * LOW HITPOINT WARNING * * *
The yak barely misses you.
You climb downwards.
Found 5 stones, a scroll labelled DUJATO OJORGHE and 8 gold pieces.
Found a stone staircase leading down.
There is a stone staircase leading up here.
You feel very mighty all of a sudden.
The hound bites you but does no damage. x2; The yak gores you.
You die...

.....#...#
#.........
......#.#
...........
.......#
...#..#####
...$...
.#.#..#
.......##.#.#
#...........
#.........#
#.....h.Y.#
#......@Y>#
#(....Y...#
#........?#
#.........#
#.........#
#.........#
#.........#
...........


You could see 3 yaks and a hound.

Vanquished Creatures
  An ogre (D:3)
  A hound (D:5)
  An iguana (D:2)
  An adder (D:2)
  A worm (D:2)
  A dart slug (D:1)
  7 ball pythons
  4 bats
  5 endoplasms
  3 goblins
  6 hobgoblins
  9 jackals (D:1)
  A quokka (D:1)
  5 frilled lizards
  4 kobolds
  3 rats
53 creatures vanquished.

Notes
Turn   | Place    | Note
-------+----------+-------------------------------------------
     0 | D:1      | fireball365 the Minotaur Fighter began the quest for the
                  | Orb.
     0 | D:1      | Reached XP level 1. HP: 19/19 MP: 0/0
   304 | D:1      | Reached XP level 2. HP: 22/27 MP: 1/1
   557 | D:1      | Reached XP level 3. HP: 33/33 MP: 2/2
  1246 | D:2      | Found a faded altar of an unknown god.
  1263 | D:2      | Prayed at the altar of an unknown god.
  1263 | D:2      | Became a worshipper of Makhleb the Destroyer
  1263 | D:2      | Reached * piety under Makhleb
  1829 | D:2      | Reached XP level 4. HP: 23/40 MP: 3/3
  2121 | D:3      | Noticed an ogre
  2131 | D:3      | Killed an ogre
  2132 | D:3      | Reached skill level 1 in Dodging
  2132 | D:3      | Reached XP level 5. HP: 10/46 MP: 4/4
  2403 | D:3      | You fall into a shaft and drop 3 floors!
  2404 | D:6      | Found Cuacec's Armour Boutique.
  2412 | D:5      | Entered Level 5 of the Dungeon
  2412 | D:5      | Noticed a yak
  2412 | D:5      | Noticed a yak
  2413 | D:5      | Noticed a yak
  2414 | D:5      | Noticed a yak
  2415 | D:5      | Noticed a yak
  2417 | D:5      | Noticed a phantom
  2418 | D:5      | Noticed an ogre
  2423 | D:5      | Found Ohuc's Antique Armour Emporium.
  2430 | D:5      | HP: 2/46 [yak (11)]
  2432 | D:6      | Slain by a yak

Illustrated notes

Levels and vault maps discovered:
D:1:      dpeg_arrival_windows_large_door, layout_loops_ring
D:2:      layout_loops_corners, nicolae_ecumenical_snake_handling
D:3:      layout_basic, uniq_jessica, uniq_robin
D:5:      layout_rooms, serial_shops, shop
D:6:      layout_basic, serial_shops, nicolae_diamond_shop,
          gammafunk_ghost_arena

Skill      XL: |  1  2  3  4 |
---------------+-------------+-----
Fighting       | 4 |  4.2
Armour         | 4 |  4.9
Axes           | 3 4 |  4.6
Shields        | 4 |  4.6
Dodging        | 1 |  1.4
Stealth        | |  0.3

Action                   |  1- 3 |  4- 6 || total
-------------------------+-------+-------++-------
Melee: War axe           |   117 |    14 ||   131
       Headbutt          |    10 |     1 ||    11
  Use: Potion            |       |     1 ||     1
Armor: Scale mail        |    80 |    15 ||    95
Dodge: Dodged            |    86 |    23 ||   109
Block: Buckler           |    43 |     6 ||    49
